PIO (24 & UNDER)
SALEM SLEDGEHAMMERS @ SASKATOON SMOKIN' GUNS
08/12/2028
 
TOP OF THE 1ST
Salem Sledgehammers batting - Pitching for Saskatoon Smokin' Guns : RHP Arthur Kemp
Pitching: RHP Arthur Kemp
Batting: RHB Ben Simpson 0-0: Called Strike
0-1: Called Strike
0-2: Ball
1-2: Strikes out looking
Batting: SHB Ángel Estrada 0-0: Ball
1-0: Foul Ball, location: 2F
1-1: Swinging Strike
1-2: Strikes out swinging
Batting: RHB Juan Morales 0-0: Called Strike
0-1: Swinging Strike
0-2: Strikes out swinging
Top of the 1st over - 0 run(s), 0 hit(s), 0 error(s), 0 left on base; Salem 0 - Saskatoon 0
BOTTOM OF THE 1ST
Saskatoon Smokin' Guns batting - Pitching for Salem Sledgehammers : RHP Juan Rodríguez
Pitching: RHP Juan Rodríguez
Batting: RHB Pedro Cabrera 0-0: Called Strike
0-1: Foul Ball, location: 2F
0-2: Fly out, F9 (Flyball, 9S)
Batting: RHB Julián García 0-0: Ball
1-0: Called Strike
1-1: Ball
2-1: SINGLE (Groundball, 4MD)
Batting: LHB Bo Rush 0-0: Ball
1-0: Ball
2-0: Ball
3-0: Called Strike
3-1: Foul Ball, location: 2F
3-2: Foul Ball, location: 2F
3-2: Ground out 6-3 (Groundball, 6)
Julián García to second
Batting: RHB Rafael Gonzáles 0-0: Ball
1-0: Called Strike
1-1: Fly out, F3 (Flyball, 3D)
Bottom of the 1st over - 0 run(s), 1 hit(s), 0 error(s), 1 left on base; Salem 0 - Saskatoon 0
TOP OF THE 2ND
Salem Sledgehammers batting - Pitching for Saskatoon Smokin' Guns : RHP Arthur Kemp
Batting: RHB Rich Crabtree 0-0: Ball
1-0: Ball
2-0: Foul Ball, location: 2F
2-1: Foul Ball, location: 2F
2-2: SINGLE (Groundball, 56) (infield hit)
Batting: RHB John Burton 0-0: Called Strike
0-1: Called Strike
0-2: Hit by Pitch
Rich Crabtree to second
Batting: RHB Jorge Molina 0-0: Swinging Strike
0-1: Ball
1-1: Ball
2-1: Swinging Strike
2-2: Foul Ball, location: 2F
2-2: Fly out, F8 (Line Drive, 8LS)
Batting: RHB Ben Byrd 0-0: Ball
1-0: Ball
2-0: Ball
3-0: Called Strike
3-1: Foul Ball, location: 2F
3-2: Base on Balls
Rich Crabtree to third
John Burton to second
Batting: RHB Roberto Landavazo 0-0: Foul Ball, location: 2F
0-1: Ball
1-1: Swinging Strike
1-2: Foul Ball, location: 2F
1-2: Hit by Pitch
Rich Crabtree scores
John Burton to third
Ben Byrd to second
Batting: RHB Steve West 0-0: Fly out, F8 (Flyball, 78M)
Runner from 3rd tags up, SCORES, throw made
Batting: RHB Ben Simpson 0-0: Called Strike
0-1: Fielders Choice at 2nd, 6-4 (Groundball, 6)
Top of the 2nd over - 2 run(s), 1 hit(s), 0 error(s), 1 left on base; Salem 2 - Saskatoon 0
BOTTOM OF THE 2ND
Saskatoon Smokin' Guns batting - Pitching for Salem Sledgehammers : RHP Juan Rodríguez
Batting: LHB José Domínguez 0-0: Ball
1-0: Ball
2-0: Hit by Pitch
Batting: RHB Joaquín Luna 0-0: Ball
1-0: Swinging Strike
1-1: Ball
2-1: Ball
3-1: Base on Balls
José Domínguez to second
Batting: LHB Rubén Salazar 0-0: Ball
1-0: Ball
2-0: Ball
3-0: Called Strike
3-1: Fielders Choice at 2nd, 4-6 (Groundball, 4)
José Domínguez to third
Batting: RHB Johnny Hawson 0-0: Ball
Rubén Salazar is caught stealing 2nd base
1-0: Swinging Strike
1-1: Fly out, F9 (Flyball, 9S)
Bottom of the 2nd over - 0 run(s), 0 hit(s), 0 error(s), 1 left on base; Salem 2 - Saskatoon 0
TOP OF THE 3RD
Salem Sledgehammers batting - Pitching for Saskatoon Smokin' Guns : RHP Arthur Kemp
Batting: SHB Ángel Estrada 0-0: Foul Ball, location: 2F
0-1: Swinging Strike
0-2: Ball
1-2: Foul Ball, location: 2F
1-2: Strikes out looking
Batting: RHB Juan Morales 0-0: SINGLE (Flyball, 89S)
Batting: RHB Rich Crabtree 0-0: Ball
Juan Morales steals 2nd base
1-0: Ball
2-0: Ball
3-0: Called Strike
3-1: Fly out, F9 (Flyball, 9LS)
Batting: RHB John Burton 0-0: Ball
1-0: Foul Ball, location: 2F
1-1: Ground out 5-3 (Groundball, 56)
Top of the 3rd over - 0 run(s), 1 hit(s), 0 error(s), 1 left on base; Salem 2 - Saskatoon 0
BOTTOM OF THE 3RD
Saskatoon Smokin' Guns batting - Pitching for Salem Sledgehammers : RHP Juan Rodríguez
Batting: RHB Artie Turner 0-0: Called Strike
0-1: Ground out 5-3 (Groundball, 56)
Batting: RHB Pedro Cabrera 0-0: Foul Ball, location: 2F
0-1: Fly out, F4 (Line Drive, 4)
Batting: RHB Julián García 0-0: Ball
1-0: Swinging Strike
1-1: Ball
2-1: Ground out 3-1 (Groundball, 34)
Bottom of the 3rd over - 0 run(s), 0 hit(s), 0 error(s), 0 left on base; Salem 2 - Saskatoon 0
TOP OF THE 4TH
Salem Sledgehammers batting - Pitching for Saskatoon Smokin' Guns : RHP Arthur Kemp
Batting: RHB Jorge Molina 0-0: Called Strike
0-1: Ball
1-1: Foul Ball, location: 2F
1-2: Ball
2-2: Strikes out looking
Batting: RHB Ben Byrd 0-0: Ball
1-0: Called Strike
1-1: Ball
2-1: Ball
3-1: Foul Ball, location: 2F
3-2: Base on Balls
Batting: RHB Roberto Landavazo 0-0: Ball
Ben Byrd is caught stealing 2nd base
1-0: Called Strike
1-1: Ball
2-1: Swinging Strike
2-2: Ball
3-2: Strikes out swinging
Top of the 4th over - 0 run(s), 0 hit(s), 0 error(s), 0 left on base; Salem 2 - Saskatoon 0
BOTTOM OF THE 4TH
Saskatoon Smokin' Guns batting - Pitching for Salem Sledgehammers : RHP Juan Rodríguez
Batting: LHB Bo Rush 0-0: Called Strike
0-1: Ball
1-1: Swinging Strike
1-2: Strikes out swinging
Batting: RHB Rafael Gonzáles 0-0: Foul Ball, location: 2F
0-1: Swinging Strike
0-2: Foul Ball, location: 2F
0-2: Ball
1-2: Foul Ball, location: 2F
1-2: Strikes out swinging
Batting: LHB José Domínguez 0-0: Ball
1-0: Swinging Strike
1-1: TRIPLE (Flyball, 89D)
Batting: RHB Joaquín Luna 0-0: Ball
1-0: Called Strike
1-1: Foul Ball, location: 2F
1-2: Foul Ball, location: 2F
1-2: Ground out 5-3 (Groundball, 56)
Bottom of the 4th over - 0 run(s), 1 hit(s), 0 error(s), 1 left on base; Salem 2 - Saskatoon 0
TOP OF THE 5TH
Salem Sledgehammers batting - Pitching for Saskatoon Smokin' Guns : RHP Arthur Kemp
Batting: RHB Steve West 0-0: Foul Ball, location: 2F
0-1: Foul Ball, location: 2F
0-2: Strikes out swinging
Batting: RHB Ben Simpson 0-0: Swinging Strike
0-1: Called Strike
0-2: Ball
1-2: Foul Ball, location: 2F
1-2: Ball
2-2: Fly out, F9 (Flyball, 9LSF)
Batting: SHB Ángel Estrada 0-0: Called Strike
0-1: Called Strike
0-2: Ball
1-2: Ball
2-2: SINGLE (Line Drive, 4MD)
Batting: RHB Juan Morales 0-0: Ball
Ángel Estrada is caught stealing 2nd base
Top of the 5th over - 0 run(s), 1 hit(s), 0 error(s), 0 left on base; Salem 2 - Saskatoon 0
BOTTOM OF THE 5TH
Saskatoon Smokin' Guns batting - Pitching for Salem Sledgehammers : RHP Juan Rodríguez
Batting: LHB Rubén Salazar 0-0: Foul Ball, location: 2F
0-1: DOUBLE (Line Drive, 89S)
Batting: RHB Johnny Hawson 0-0: Swinging Strike
0-1: Foul Ball, location: 2F
0-2: Strikes out swinging
Batting: RHB Artie Turner 0-0: Ball
1-0: Ball
2-0: Called Strike
2-1: Ball
Wild Pitch!
Rubén Salazar to third
3-1: Base on Balls
Batting: RHB Pedro Cabrera 0-0: SINGLE (Line Drive, 89S)
Rubén Salazar scores
Artie Turner to second
Batting: RHB Julián García 0-0: Called Strike
0-1: Ball
1-1: Ball
2-1: Grounds into double play, 6-4-3 (Groundball, 6)
Bottom of the 5th over - 1 run(s), 2 hit(s), 0 error(s), 1 left on base; Salem 2 - Saskatoon 1
TOP OF THE 6TH
Salem Sledgehammers batting - Pitching for Saskatoon Smokin' Guns : RHP Arthur Kemp
Pitching: RHP Carlos Ortíz
Batting: RHB Juan Morales 0-0: Ball
1-0: Called Strike
1-1: Called Strike
1-2: Ball
2-2: Ball
3-2: Fly out, F9 (Flyball, 89M)
Batting: RHB Rich Crabtree 0-0: Ball
1-0: Ground out 5-3 (Groundball, 5S)
Batting: RHB John Burton 0-0: Called Strike
0-1: Foul Ball, location: 2F
0-2: Strikes out swinging
Top of the 6th over - 0 run(s), 0 hit(s), 0 error(s), 0 left on base; Salem 2 - Saskatoon 1
BOTTOM OF THE 6TH
Saskatoon Smokin' Guns batting - Pitching for Salem Sledgehammers : RHP Juan Rodríguez
Batting: LHB Bo Rush 0-0: Ball
1-0: Ball
2-0: Ball
3-0: Base on Balls
Batting: RHB Rafael Gonzáles 0-0: Foul Ball, location: 2F
0-1: SINGLE (Groundball, 56) (infield hit)
Bo Rush to second
Batting: LHB José Domínguez 0-0: Ball
1-0: Fly out, F6 (Popup, 6MS)
Batting: RHB Joaquín Luna 0-0: Called Strike
0-1: Grounds into double play, 4-6-3 (Groundball, 4)
Bottom of the 6th over - 0 run(s), 1 hit(s), 0 error(s), 1 left on base; Salem 2 - Saskatoon 1
TOP OF THE 7TH
Salem Sledgehammers batting - Pitching for Saskatoon Smokin' Guns : RHP Carlos Ortíz
Batting: RHB Jorge Molina 0-0: Called Strike
0-1: Hit by Pitch
Pinch Hitting: LHB Miguel Gálvez 0-0: Ball
1-0: Called Strike
1-1: Foul Ball, location: 2F
1-2: Strikes out looking
Batting: RHB Roberto Landavazo 0-0: Ball
1-0: Called Strike
1-1: Called Strike
1-2: Ball
2-2: DOUBLE (Line Drive, 8LM)
Jorge Molina to third
Batting: RHB Steve West 0-0: Foul Ball, location: 2F
0-1: Called Strike
0-2: Ball
1-2: Strikes out looking
Batting: RHB Ben Simpson 0-0: Foul Ball, location: 2F
0-1: Foul Ball, location: 2F
0-2: Ground out 6-3 (Groundball, 6S)
Top of the 7th over - 0 run(s), 1 hit(s), 0 error(s), 2 left on base; Salem 2 - Saskatoon 1
BOTTOM OF THE 7TH
Saskatoon Smokin' Guns batting - Pitching for Salem Sledgehammers : RHP Juan Rodríguez
Pitching: RHP Sergio García
Now at C: Joe Wright
Now at SS: Timothy Foster
Now in CF: Brandon Sharp
Now in RF: Miguel Gálvez
Batting: LHB Rubén Salazar 0-0: Ball
1-0: Ball
2-0: Ball
3-0: Called Strike
3-1: Base on Balls
Batting: RHB Johnny Hawson 0-0: Sac Bunt - play at first, batter OUT! 1-4
Rubén Salazar to second
Batting: RHB Artie Turner 0-0: Foul Ball, location: 2F
0-1: Ball
1-1: Ball
2-1: Swinging Strike
2-2: Ball
3-2: Ground out 1-3 (Groundball, 13S)
Rubén Salazar to third
Pinch Hitting: RHB Justin Geoghegan 0-0: Ball
1-0: Ground out 6-3 (Groundball, 56)
Bottom of the 7th over - 0 run(s), 0 hit(s), 0 error(s), 1 left on base; Salem 2 - Saskatoon 1
TOP OF THE 8TH
Salem Sledgehammers batting - Pitching for Saskatoon Smokin' Guns : RHP Carlos Ortíz
Now at 3B: Justin Geoghegan
Batting: SHB Ángel Estrada 0-0: Ball
1-0: Ball
2-0: Swinging Strike
2-1: Foul Ball, location: 2F
2-2: Foul Ball, location: 2F
2-2: Strikes out looking
Batting: RHB Juan Morales 0-0: Ball
1-0: Swinging Strike
1-1: Called Strike
1-2: Strikes out looking
Batting: RHB Rich Crabtree 0-0: Foul Ball, location: 2F
0-1: Ball
1-1: Ball
2-1: SINGLE (Groundball, 56D)
Pinch Runner at 1st Carlos Ramírez:
Batting: RHB John Burton 0-0: Foul Ball, location: 2F
0-1: Ball
1-1: Ball
2-1: Foul Ball, location: 2F
2-2: Foul Ball, location: 2F
2-2: SINGLE (Line Drive, 56D)
Carlos Ramírez to second
Batting: RHB Jorge Molina 0-0: Fly out, F9 (Flyball, 9S)
Top of the 8th over - 0 run(s), 2 hit(s), 0 error(s), 2 left on base; Salem 2 - Saskatoon 1
BOTTOM OF THE 8TH
Saskatoon Smokin' Guns batting - Pitching for Salem Sledgehammers : RHP Sergio García
Pitching: RHP Luis Núñez
Now at 1B: Carlos Ramírez
Batting: RHB Julián García 0-0: Ball
1-0: Ground out 5-3 (Groundball, 56S)
Pitching: LHP Roberto Díaz
Batting: LHB Bo Rush 0-0: Called Strike
0-1: Foul Ball, location: 2F
0-2: Reached on error, E3 (Groundball, 34S)
Pitching: RHP Felipe Madrid
Pinch Hitting: RHB Juan Cardenas 0-0: Ball
1-0: Ball
2-0: Foul Ball, location: 2F
2-1: Foul Ball, location: 2F
2-2: Ball
3-2: 2-RUN HOME RUN (Flyball, 7D), Distance : 422 ft
Batting: LHB José Domínguez 0-0: Ball
1-0: Ball
2-0: Foul Ball, location: 2F
2-1: SINGLE (Groundball, 6MD)
Batting: RHB Joaquín Luna 0-0: Called Strike
0-1: Foul Ball, location: 2F
0-2: Ball
1-2: Fly out, F7 (Flyball, 78M)
Batting: LHB Rubén Salazar 0-0: Ball
1-0: Called Strike
1-1: Ball
2-1: Foul Ball, location: 2F
2-2: Strikes out swinging
Bottom of the 8th over - 2 run(s), 2 hit(s), 1 error(s), 1 left on base; Salem 2 - Saskatoon 3
TOP OF THE 9TH
Salem Sledgehammers batting - Pitching for Saskatoon Smokin' Guns : RHP Carlos Ortíz
Pitching: RHP Josh Ewing
Now at 2B: Ty Adams
Now in CF: Jim Hall
Batting: LHB Miguel Gálvez 0-0: Ball
1-0: Called Strike
1-1: Ball
2-1: Ground out 4-3 (Groundball, 4)
Batting: RHB Brandon Sharp 0-0: Ball
1-0: Ball
2-0: Swinging Strike
2-1: Ball
3-1: Foul Ball, location: 2F
3-2: Foul Ball, location: 2F
3-2: Foul Ball, location: 2F
3-2: Foul Ball, location: 2F
3-2: Base on Balls
Batting: RHB Joe Wright 0-0: Ball
1-0: Grounds into double play, 5-4-3 (Groundball, 5)
Top of the 9th over - 0 run(s), 0 hit(s), 0 error(s), 0 left on base; Salem 2 - Saskatoon 3
Tuesday, August 8th, 2017 - OOTP Baseball 17.12 Build 75